 Dungeon Crawl Stone Soup version 0.30-a0-883-g5ad918d77d (webtiles) character file.

Game seed: 10300356828773940958

68 domi the Conjurer (level 4, 30/30 HPs)
             Began as a Demonspawn Conjurer on Mar 17, 2023.
             Got out of the dungeon alive.
             The game lasted 00:02:22 (2753 turns).

domi the Conjurer (Demonspawn Conjurer)             Turns: 2753, Time: 00:02:23

Health: 30/30      AC:  4    Str:  9    XL:     4   Next: 1%
Magic:  7/7        EV: 11    Int: 21    God:
Gold:   140        SH:  0    Dex:  8    Spells: 6/7 levels left

rFire   . . .      SeeInvis .    s - +7 sling of Wyefo Siussy {speed, rC+ Str+2 Dex-4 Stlth+}
rCold   + . .      Faith    .    (no shield)
rNeg    . . .      Spirit   .    a - +0 robe
rPois   .          Reflect  .    (helmet restricted)
rElec   .          Rampage  .    (no cloak)
rCorr   .                        (no gloves)
Will    .....                    (no boots)
Stlth   ++                       (no amulet)
HPRegen 0.25/turn                (no ring)
MPRegen 0.10/turn                (no ring)

@: no status effects
A: antennae 1, icy blue scales 1, spiny 1
a: no special abilities


You escaped.
You visited 1 branch of the dungeon, and saw 3 of its levels.

You collected 140 gold pieces.

Inventory:

Hand Weapons
 o - the +2 arbalest "Jutigh" {heavy, rPois rC++ Int-3 SInv}
   (You found it on level 2 of the Dungeon)

   Int:       It affects your intelligence (-3).
   rC:        It greatly protects you from cold.
   rPois:     It protects you from poison.
   SInv:      It lets you see invisible.
 s - the +7 sling of Wyefo Siussy (weapon) {speed, rC+ Str+2 Dex-4 Stlth+}
   (You took it off an orc on level 3 of the Dungeon)

   Str:       It affects your strength (+2).
   Dex:       It affects your dexterity (-4).
   rC:        It protects you from cold.
   Stlth:     It makes you more stealthy.
Armour
 a - a +0 robe (worn)
 p - a +0 cloak
   (You found it on level 3 of the Dungeon)
Magical Staves
 k - a staff of fire {rF+}
   (You found it on level 2 of the Dungeon)
Scrolls
 f - 2 scrolls of poison {unknown}
 h - a scroll of amnesia {unknown}
 l - a scroll of enchant armour {unknown}
 m - 3 scrolls of identify {unknown}
 n - a scroll of magic mapping {unknown}
 q - a scroll of brand weapon {unknown}
 r - a scroll of vulnerability {unknown}
Potions
 b - a potion of magic
 c - a potion of lignification {unknown}
 d - 2 potions of heal wounds {unknown}
 e - 2 potions of brilliance {unknown}
 g - a potion of attraction {unknown}
 i - a potion of mutation {unknown}
 j - a potion of curing {unknown}


   Skills:
 - Level 1.7 Dodging
 - Level 1.7 Stealth
 - Level 2.0 Spellcasting
 + Level 5.6 Conjurations


You had 6 spell levels left.
You knew the following spells:

 Your Spells              Type           Power      Damage    Failure   Level
z - Magic Dart            Conj           100%       1d8       1%          1

Your spell library contained the following spells:

 Spells                   Type           Power      Damage    Failure   Level
 Searing Ray              Conj           50%        2d6       2%          2
 Beastly Appendage        Tmut           4%         N/A       14%         1
 Dazzling Flash           Conj/Hex       26%        N/A       14%         3
 Wereblood                Tmut           2%         N/A       22%         2
 Spider Form              Tmut/Pois      2%         N/A       41%         3
 Fulminant Prism          Conj/Hex       6%         3d7       43%         4
 Iskenderun's Mystic Bla  Conj/Tloc      13%        2d5       43%         4


Dungeon Overview and Level Annotations

Branches:
Dungeon (3/15)

Altars:


Innate Abilities, Weirdness & Mutations

You have a pair of small antennae on your head.
You are partially covered in icy blue scales. (AC +2)
You are partially covered in sharp spines.


Message History

e - 2 green potions (gained 1)
Found a stone staircase leading up.
A hobgoblin comes into view.
A hobgoblin is nearby!
You shoot a sling bullet. The sling bullet hits the hobgoblin!
You kill the hobgoblin!
Found an escape hatch in the floor.
A bat comes into view.
A bat is nearby!
You shoot a sling bullet. The sling bullet hits the bat!
You kill the bat!
No target in view!
You sense a monster nearby.
There is an escape hatch in the floor here.
You sense a monster nearby.
A giant cockroach comes into view.
You shoot a sling bullet.
The sling bullet hits the giant cockroach.
You hear an angry hiss.
You shoot a sling bullet.
The sling bullet closely misses the giant cockroach.
The giant cockroach bites you.
You shoot a sling bullet.
The sling bullet hits the giant cockroach.
You kill the giant cockroach!
You hear an angry hiss.
No target in view!
No target in view!
No target in view!
A frilled lizard comes into view.
A frilled lizard is nearby!
You shoot a sling bullet.
The sling bullet misses the frilled lizard.
You shoot a sling bullet.
The sling bullet closely misses the frilled lizard.
You shoot a sling bullet.
The sling bullet hits the frilled lizard.
You kill the frilled lizard!
No target in view!
You see here a bat corpse.
You now have 95 gold pieces (gained 7).
You now have 113 gold pieces (gained 18).
You see here a bat corpse.
Things that are here:
a frilled lizard corpse; a giant cockroach corpse
Things that are here:
a frilled lizard corpse; a giant cockroach corpse You sense a monster nearby.
A quokka comes into view.
A quokka is nearby!
You shoot a sling bullet. The sling bullet hits the quokka.
The quokka bites you.
You shoot a sling bullet. The sling bullet hits the quokka!
You kill the quokka!
No target in view!
You now have 126 gold pieces (gained 13).
You pick up a book of Changes and begin reading...
You add the spells Beastly Appendage, Wereblood and Spider Form to your library.
Found a stone staircase leading down.
Found a stone staircase leading down.
A goblin comes into view. It is wielding a +0 short sword.
The goblin moves out of view.
The goblin shouts!
A goblin is nearby!
You shoot a sling bullet.
The sling bullet closely misses the goblin.
The goblin throws a stone.
The stone misses you.
You shoot a sling bullet.
The sling bullet barely misses the goblin.
You shoot a sling bullet.
The sling bullet closely misses the goblin.
The goblin closely misses you.
You shoot a sling bullet.
The sling bullet barely misses the goblin.
The goblin hits you but does no damage.
You shoot a sling bullet. The sling bullet hits the goblin!
You kill the goblin!
You have reached level 4!
You feel agile.
Your demonic ancestry asserts itself...
Sharp spines emerge from parts of your body.
(D) Dungeon
Where to? (Enter - D:3, ? - help)
What level of the Dungeon? (default 1, ? - help)
You now have 140 gold pieces (gained 14).
d - 2 bubbling golden potions (gained 1)
f - 2 scrolls labelled ZIQUKLONGE (gained 1)
Things that are here:
a +0 short sword; 6 stones; a goblin corpse You see here a bat skeleton.
There is an escape hatch in the floor here.
There is a stone staircase leading up here.
You climb upwards.
There is a stone staircase leading down here.
There is a stone staircase leading up here.
You climb upwards.
There is a stone staircase leading down here.
There is a large open door here.
There is a staircase leading out of the dungeon here.
Are you sure you want to leave the Dungeon?
This will make you lose the game!
You have escaped!

.......#...##8......8##.###
.#####...####≈......≈##...#
........## #≈......≈####.#
..#..#.## #≈......≈#....#
.......# #≈..88..§#.####
#..>..## #≈......≈#.#
#..#### #≈......§#.# ...#
#≈......≈#.#########
##.#######
#8..@...8#...#.....#
.#.......#
############.#.###.#
.#######.# ####.....#.#
.##### #.# #........#.#
.#...# #.# #[#####..#.#
##.#.###.# #.#......#.#
...#...#.# #....#.#...#
.#####.#.# ######.##.## .#
#.#.# #....#


There were no monsters in sight!

Vanquished Creatures
  2 adders (D:2)
  A dart slug (D:1)
  2 orcs (D:3)
  8 endoplasms
  2 giant cockroaches
  3 goblins
  5 hobgoblins
  2 kobolds
  2 quokkas
  A ball python (D:1)
  7 bats
  2 frilled lizards
  3 rats
40 creatures vanquished.

Notes
Turn   | Place    | Note
-------+----------+-------------------------------------------
     0 | D:1      | domi the Demonspawn Conjurer began the quest for the Orb.
     0 | D:1      | Reached XP level 1. HP: 13/13 MP: 3/3
   379 | D:1      | Gained mutation: You have a pair of small antennae on your
                  | head. [demonic ancestry]
   379 | D:1      | Reached XP level 2. HP: 19/19 MP: 3/5
  1057 | D:2      | Reached skill level 5 in Conjurations
  1077 | D:2      | Gained mutation: You are partially covered in icy blue
                  | scales. (AC +2) [demonic ancestry]
  1077 | D:2      | Reached XP level 3. HP: 12/24 MP: 0/6
  1147 | D:2      | Found a faded altar of an unknown god.
  1512 | D:2      | Identified the +2 arbalest "Jutigh" {heavy, rPois rC++
                  | Int-3 SInv}
  2048 | D:3      | Identified the +7 sling of Wyefo Siussy {speed, rC+ Str+2
                  | Dex-4 Stlth+}
  2643 | D:3      | Gained mutation: You are partially covered in sharp spines.
                  | [demonic ancestry]
  2643 | D:3      | Reached XP level 4. HP: 30/30 MP: 7/7
  2753 | D:$      | Got out of the dungeon alive.

Illustrated notes

Levels and vault maps discovered:
D:1:      lightli_arrival_noodles, layout_basic
D:2:      layout_rooms, ebering_ecumenical_altar_hall
D:3:      layout_basic

Skill      XL: |  1  2 |
---------------+-------+-----
Conjurations   | 5 |  5.6
Dodging        | |  1.7
Stealth        | |  1.7
Spellcasting   | |  2.0

Action                     |  1- 3 |  4- 6 || total
---------------------------+-------+-------++-------
  Melee: Unarmed           |    17 |       ||    17
         Punch             |     1 |       ||     1
   Fire: Sling             |    16 |       ||    16
   Cast: Magic Dart        |    75 |       ||    75
 Armour: Robe              |     4 |       ||     4
  Dodge: Dodged            |    17 |       ||    17

Table legend: (Time is in decaauts)
 A = Elapsed time spent in this place.
 B = Non-inter-level travel time spent in this place.
 C = Inter-level travel time spent in this place.
 D = Time resting spent in this place.
 E = Time spent auto-exploring this place.
 F = Levels seen in this place.
 G = Mean time per level.
                   A        B        C        D        E       F      G
               +--------+--------+--------+--------+--------+-----+--------+
         Total |   2752 |   2560 |    192 |    202 |   2124 |   3 |  917.3 |
       Dungeon |   2752 |   2560 |    192 |    202 |   2124 |   3 |  917.3 |
               +--------+--------+--------+--------+--------+-----+--------+

Top non-repeatable levels by time:
     D:1: 1194 daAuts
     D:3: 1046 daAuts
     D:2: 512 daAuts

Table legend:
 A = Kills in this place as a percentage of kills in the entire game.
 B = Kills by you in this place as a percentage of kills by you in the entire game.
 C = Kills by friends in this place as a percentage of kills by friends in the entire game.
 D = Other kills in this place as a percentage of other kills in the entire game.
 E = Experience gained in this place as a percentage of experience gained in the entire game.
 F = Experience gained in this place divided by the number of levels of this place that you have seen.
                   A       B       C       D       E      F
               +-------+-------+-------+-------+-------+----------------------
         Total | 100.0 | 100.0 |   N/A |   N/A | 100.0 |  32.7
       Dungeon | 100.0 | 100.0 |   N/A |   N/A | 100.0 |  32.7
               +-------+-------+-------+-------+-------+----------------------
